 Dungeon Crawl Stone Soup version 0.25.0-15-gac7dcb8919 (webtiles) character file.

Game seed: 14876268232645961833

64 sking99 the Chopper (level 3, -3/29 HPs)
             Began as a Demonspawn Monk on June 28, 2020.
             Slain by an orc priest
             ... wielding a +0 flail
              (6 damage)
             ... on level 3 of the Dungeon.
             The game lasted 00:03:20 (2175 turns).

sking99 the Chopper (Demonspawn Monk)               Turns: 2175, Time: 00:03:21

Health: -3/29      AC:  8    Str: 12    XL:     3   Next: 91%
Magic:  3/3        EV: 12    Int: 11    God:
Gold:   68         SH:  0    Dex: 15    Spells: 2/2 levels left

rFire    . . .     SeeInvis .   a - +0 hand axe
rCold    . . .     Gourm    .   (no shield)
rNeg     . . .     Faith    .   g - +0 ring mail
rPois    .         Spirit   .   (no helmet)
rElec    .         Reflect  .   (no cloak)
rCorr    .         Harm     .   e - +0 pair of gloves
MR       .....                  (no boots)
Stlth    +.........             (no amulet)
HPRegen  0.09/turn              (no ring)
MPRegen  0.08/turn              (no ring)

@: no status effects
A: icy blue scales 1
a: no special abilities


You were on level 3 of the Dungeon.
You were not hungry.

You visited 1 branch of the dungeon, and saw 3 of its levels.

You collected 68 gold pieces.

Inventory:

Hand Weapons
 a - a +0 hand axe (weapon)
Armour
 e - a +0 pair of gloves (worn)
 g - a +0 ring mail (worn)
Scrolls
 d - a scroll of magic mapping {unknown}
 j - a scroll of enchant weapon {unknown}
Potions
 b - a potion of brilliance {unknown}
 h - a potion of curing {unknown}
 i - a potion of lignification {unknown}
Comestibles
 c - 3 rations


   Skills:
 + Level 3.5 Fighting
 * Level 3.7 Axes
 + Level 3.1 Dodging
 - Level 1.7 Stealth


You had 2 spell levels left.
You didn't know any spells.
Your spell library was empty.

Dungeon Overview and Level Annotations

Branches:
Dungeon (3/15)

Altars:
Ashenzari
Cheibriados
Dithmenos
Elyvilon
Uskayaw
Vehumet


Innate Abilities, Weirdness & Mutations

You are partially covered in icy blue scales. (AC +2)


Message History

The orc priest shouts!
You hit the orc priest.
The orc priest is almost dead.
The orc priest miscasts a cantrip.
An orc comes into view. It is wielding a +0 dagger.
The orc priest invokes the aid of Beogh against you.
Pain shoots through your body!
* * * LOW HITPOINT WARNING * * *
Your ring mail prevents you from hitting the orc priest.
The orc priest is almost dead.
The orc priest closely misses you.
You hit the orc priest.
The orc priest is almost dead.
The orc priest hits you with a +0 flail.
* * * LOW HITPOINT WARNING * * *
Unknown command.
You barely miss the orc priest.
The orc priest is almost dead.
The orc priest hits you with a +0 flail.
You die...

#............#
#....##.####.# #....##.#
#.# #.......# #.#
#....#### #.# ##
#....#######.# ...
#†...#.......# o.l.
#...##.###########.....
#.####.......@ol>o.....
#.# ###########Z.o.....
####.###.....#.<...#......
.....##........##### .....
.######.......)### ....
..............)..# ...
#.#####........#.# ..
#..............#.# .
#..#...#.......#.#


You could see 2 orc priests, an orc, a centaur zombie and a leopard gecko.

Vanquished Creatures
  2 adder skeletons (D:2)
  An adder zombie (D:2)
  3 dart slugs
  A leopard gecko (D:1)
  A bat skeleton (D:2)
  2 bat zombies (D:2)
  2 giant cockroaches
  10 goblins
  5 hobgoblins
  5 bats
  3 frilled lizards
  4 kobolds
  2 leopard gecko zombies (D:2)
  A quokka zombie (D:2)
  6 rats
48 creatures vanquished.

Notes
Turn   | Place    | Note
-------+----------+-------------------------------------------
     0 | D:1      | sking99 the Demonspawn Monk began the quest for the Orb.
     0 | D:1      | Reached XP level 1. HP: 18/18 MP: 1/1
   442 | D:1      | Gained mutation: You are partially covered in icy blue
                  | scales. (AC +2) [demonic ancestry]
   442 | D:1      | Reached XP level 2. HP: 24/24 MP: 2/2
  1191 | D:2      | Found a white marble altar of Elyvilon.
  1191 | D:2      | Found a shattered altar of Ashenzari.
  1270 | D:2      | Reached XP level 3. HP: 29/29 MP: 3/3
  1521 | D:2      | Found a hide-covered altar of Uskayaw.
  1521 | D:2      | Noticed a +0 dagger
  1522 | D:2      | Noticed a +0 dagger
  1620 | D:2      | Found a shadowy altar of Dithmenos.
  1866 | D:2      | Found a snail-covered altar of Cheibriados.
  2061 | D:3      | Found a radiant altar of Vehumet.
  2175 | D:3      | Slain by an orc priest

Illustrated notes

Levels and vault maps discovered:
D:1:      nicolae_arrival_washed_ashore, layout_rooms
D:2:      layout_loops_ring, grunt_dithmenos_smoke,
          gammafunk_temple_overflow_statue, kennysheep_slug_shrine,
          dancing_weapons_uskayaw, serial_undead, serial_undead_c,
          serial_undead_c, serial_undead_e, serial_undead_d, serial_undead_c,
          serial_undead_b, first_ration
D:3:      layout_basic, vehumet_crystals, minmay_misc_feat_iff,
          uniq_crazy_yiuf_cottage, uniq_ijyb

Skill      XL: |  1  2 |
---------------+-------+-----
Axes           | 3 |  3.7
Dodging        | 3 |  3.1
Fighting       | |  3.5
Stealth        | |  1.7

Action                   || total
-------------------------++-------
Melee: Hand axe          ||   191
 Stab: Sleeping          ||     3
  Eat: Chunk             ||     4
Armor: Robe              ||    22
       Ring mail         ||    65
Dodge: Dodged            ||   165
